 Dungeon Crawl Stone Soup version 0.31-a0-188-g5e087ee2ca (webtiles) character file.

Game seed: 5079375401475992354

3827 qw the Skirmisher (level 9, -4/55 HPs)
             Began as a Deep Elf Hunter on June 22, 2023.
             Slain by a wight
             ... wielding a +6 flail
              (12 damage)
             ... on level 8 of the Dungeon.
             The game lasted 00:02:45 (7181 turns).

qw the Skirmisher (Deep Elf Hunter)                 Turns: 7181, Time: 00:02:45

Health: -4/55      AC: 11    Str: 12      XL:     9   Next: 97%
Magic:  11/11      EV: 14    Int: 12 (15) God:
Gold:   617        SH:  0    Dex: 17 (18) Spells: 8/8 levels left

rFire   . . .        g - +5 sling "Aruxoih" {speed, rPois}
rCold   . . .        (no shield)
rNeg    . . .        b - +0 ring mail
rPois   +            (no helmet)
rElec   .            f - +0 cloak
rCorr   .            m - +0 pair of gloves
SInv    .            (no boots)
Will    .....        (no amulet)
Stlth   +            n - +4 ring of protection
HPRegen 0.29/turn    (no ring)
MPRegen 0.12/turn

%: no passive effects
@: no status effects
A: no striking features
a: no special abilities


You were on level 8 of the Dungeon.
You visited 2 branches of the dungeon, and saw 9 of its levels.
You also visited: Sewer.

You collected 617 gold pieces.


   Skills:
 - Level 6.0 Fighting
 - Level 14.0 Ranged Weapons
 - Level 3.0 Armour
 + Level 8.0 Dodging
 - Level 1.2 Stealth


You had 8 spell levels left.
You didn't know any spells.
Your spell library was empty.

Inventory:

Hand Weapons
 g - the +5 sling "Aruxoih" (weapon) {speed, rPois}
   (You found it on level 2 of the Dungeon)

   rPois:     It protects you from poison.
Armour
 b - a +0 ring mail (worn)
 f - a +0 cloak (worn)
 m - a +0 pair of gloves (worn)
Jewellery
 n - a +4 ring of protection (left hand)
Scrolls
 k - a scroll of identify
 p - a scroll of enchant weapon
Potions
 a - a potion of curing
 c - a potion of might
 e - a potion of mutation
 h - 5 potions of haste
 i - a potion of enlightenment {unknown}
 j - a potion of lignification {unknown}

Dungeon Overview and Level Annotations

Branches:
Dungeon (8/15)             Temple (1/1) D:4           Sewer (visited)
   Lair: D:8-11

Altars:
Cheibriados
Dithmenos
Elyvilon
Fedhas
Gozag
Hepliaklqana
Kikubaaqudgha
Makhleb
Nemelex Xobeh
Qazlal
Ru
Sif Muna
Trog
Uskayaw
Vehumet
Wu Jian
Xom
Yredelemnul
Zin
The Shining One

Annotations:
D:2 1 runed translucent door, Crazy Yiuf


Message History

Enter note:
Enter note:
7171 ||| READING scroll of teleportation.
As you read the scroll of teleportation, it crumbles to dust.
You feel strangely unstable.
You shoot a sling bullet.
The sling bullet hits the water moccasin.
The water moccasin is lightly wounded.
The water moccasin completely misses you.
You shoot a sling bullet.
The sling bullet hits the water moccasin.
The water moccasin is moderately wounded.
The water moccasin closely misses you.
You shoot a sling bullet.
The sling bullet hits the water moccasin.
The water moccasin is moderately wounded.
The orc wizard gestures at you while chanting.
The puff of flame hits you. The water moccasin barely misses you.
You shoot a sling bullet.
The sling bullet misses the water moccasin.
Your surroundings suddenly seem different.
A wight comes into view. It is wielding a +6 flail.
Enter note:
Enter note:
Enter note:
Enter note: You shoot a sling bullet.
The sling bullet barely misses the wight.
You shoot a sling bullet.
The sling bullet hits the wight but does no damage.
You shoot a sling bullet.
The sling bullet hits the wight but does no damage.
You shoot a sling bullet.
The sling bullet hits the wight but does no damage.
You shoot a sling bullet.
The sling bullet barely misses the wight.
You shoot a sling bullet. The sling bullet hits the wight!
The wight is heavily damaged.
The wight hits you with a +6 flail!
You die...

#+# ##.......#..##.# #.#
######..######..##.#
#.###....##............#
#.##......##.)......####
#.'..).....##...........
#.#........%..##########
#.#........'..# #.)...
#o#........##.# #o)####
c.##...@z.###..##.! ####
.$..##...)## ##.##.
##..# $.... ###### .##
##o..#.....$. ..
..S..#.$..... ...
..D..+...$..## ..$..#
##...# ##..#


You could see a wight.

Vanquished Creatures
  Grinder (D:5)
  Sigmund (D:6)
  A slime creature (D:7)
  Eustachio (D:4)
  A steam dragon (D:6)
  Menkaure (D:4)
  3 water moccasins
  Duvessa (D:6)
  2 orc warriors (D:8)
  2 centaurs
  2 phantoms (D:7)
  Blork the orc (D:6)
  6 bullfrogs
  3 scorpions
  9 wights
  Dowan (D:6)
  2 howler monkeys
  An electric eel (D:6)
  2 jellies
  2 hounds
  A sleepcap (D:8)
  A gnoll bouda (D:6)
  An orc priest (D:4)
  Natasha (thrice) (D:2)
  2 iguanas
  4 orc wizards
  10 gnolls
  8 adders
  4 white imps
  3 ufetubi
  A worm (D:6)
  2 dart slugs
  9 orcs
  12 bats
  9 endoplasms
  3 giant cockroaches
  3 goblins
  6 hobgoblins
  7 kobolds
  6 quokkas
  8 ball pythons
  2 frilled lizards
  2 rats (D:2)
150 creatures vanquished.

Notes
Turn   | Place    | Note
-------+----------+-------------------------------------------
     0 | D:1      | qw the Deep Elf Hunter began the quest for the Orb.
     0 | D:1      | Reached XP level 1. HP: 12/12 MP: 3/3
     0 | D:1      | 0 ||| qw: Version: 0.3-a-9-g12657ce
     0 | D:1      | 0 ||| qw: Game counter: 2784
     0 | D:1      | 0 ||| qw: Always use a shield: true
     0 | D:1      | 0 ||| qw: God list: Okawaru
     0 | D:1      | 0 ||| qw: Allow faded altars: false
     0 | D:1      | 0 ||| qw: Do Orc after D:15 true
     0 | D:1      | 0 ||| qw: Do second Lair branch before Depths: true
     0 | D:1      | 0 ||| qw: Lair rune preference: random
     0 | D:1      | 0 ||| qw: Plans: Normal
     0 | D:1      | 0 ||| PLANNING D:1-11
    43 | D:1      | 43 ||| FLEEEEING.
    47 | D:1      | 47 ||| Stepping ~*~*~tactically~*~*~ (water).
   139 | D:1      | HP: 2/12 [kobold/+0 whip (3)]
   247 | D:1      | Reached skill level 6 in Ranged Weapons
   247 | D:1      | Reached XP level 2. HP: 16/16 MP: 4/4
   483 | D:1      | 483 ||| DRINKING 2 murky yellow potions.
   484 | D:1      | 484 ||| DROPPING scroll of butterflies.
   485 | D:1      | 485 ||| DROPPING potion of brilliance.
   581 | D:2      | Noticed Natasha
   583 | D:2      | 583 ||| FLEEEEING.
   584 | D:2      | 584 ||| FLEEEEING.
   585 | D:2      | 585 ||| FLEEEEING.
   600 | D:2      | Killed Natasha
   601 | D:2      | Reached skill level 7 in Ranged Weapons
   601 | D:2      | Reached XP level 3. HP: 17/20 MP: 5/5
   639 | D:2      | Identified the +5 sling "Aruxoih" {speed, rPois}
   642 | D:2      | 642 ||| SWAPPING to +5 sling "Aruxoih" {speed, rPois}.
   643 | D:2      | 643 ||| DROPPING +0 shortbow.
   800 | D:2      | Noticed Natasha
   807 | D:2      | Killed Natasha
   808 | D:2      | Reached XP level 4. HP: 18/25 MP: 6/6
   988 | D:2      | Noticed Natasha
   992 | D:2      | Killed Natasha
   993 | D:2      | Reached skill level 8 in Ranged Weapons
  1297 | D:2      | Found a runed translucent door.
  1298 | D:2      | Noticed Crazy Yiuf
  1552 | D:2      | 1552 ||| UPGRADING to +0 ring mail.
  1562 | D:2      | 1562 ||| DROPPING +0 leather armour.
  1563 | D:2      | 1563 ||| UPGRADING to +0 cloak.
  1568 | D:2      | 1568 ||| DROPPING amulet of magic regeneration.
  1569 | D:2      | 1569 ||| READING scroll labelled LOUSAF CIOSEMA.
  1570 | D:2      | 1570 ||| READING scroll labelled MAELIE ZABBE.
  1677 | D:3      | Identified the +0 robe of Autumn {Int+4 Slay+3}
  1710 | D:3      | Reached XP level 5. HP: 29/29 MP: 7/7
  2236 | D:3      | 2236 ||| DROPPING +0 robe of Autumn {Int+4 Slay+3}.
  2237 | D:3      | 2237 ||| READING scroll labelled UBAT CYIBU.
  2238 | D:3      | 2238 ||| DRINKING 2 purple potions.
  2239 | D:3      | 2239 ||| DRINKING 2 puce potions.
  2314 | D:4      | Found a staircase to the Ecumenical Temple.
  2315 | D:4      | 2315 ||| PLANNING TEMPLE
  2315 | D:4      | 2315 ||| READING scroll labelled MUEDUNTOFO.
  2322 | D:4      | Noticed Menkaure
  2324 | D:4      | 2324 ||| FLEEEEING.
  2325 | D:4      | 2325 ||| FLEEEEING.
  2337 | D:4      | 2337 ||| FLEEEEING.
  2359 | D:4      | 2359 ||| FLEEEEING.
  2360 | D:4      | 2360 ||| FLEEEEING.
  2361 | D:4      | 2361 ||| FLEEEEING.
  2362 | D:4      | 2362 ||| FLEEEEING.
  2364 | D:4      | 2364 ||| STAIRDANCE
  2385 | D:4      | Killed Menkaure
  2386 | D:4      | Reached skill level 9 in Ranged Weapons
  2386 | D:4      | Reached XP level 6. HP: 13/34 MP: 8/8
  2499 | Temple   | Entered the Ecumenical Temple
  2588 | Temple   | 2588 ||| PLANNING D:1-11
  3040 | D:4      | Noticed Eustachio
  3050 | D:4      | Killed Eustachio
  3051 | D:4      | Reached skill level 10 in Ranged Weapons
  3371 | D:4      | 3371 ||| READING 2 scrolls labelled KIEBAFFAUJI.
  3387 | D:5      | Entered Level 5 of the Dungeon
  3438 | D:5      | Reached skill level 3 in Dodging
  3438 | D:5      | Reached XP level 7. HP: 40/40 MP: 9/9
  3556 | D:5      | Reached skill level 1 in Armour
  3599 | D:5      | Noticed Grinder
  3621 | D:5      | Killed Grinder
  3622 | D:5      | Reached skill level 11 in Ranged Weapons
  4132 | D:5      | 4132 ||| READING 2 scrolls labelled RYAPAV TOE.
  4202 | D:5      | 4202 ||| READING scroll labelled COCVET PAAJ.
  4203 | D:5      | 4203 ||| READING scroll labelled OCWIMY GEBB.
  4204 | D:5      | 4204 ||| DRINKING 3 viscous cyan potions.
  4205 | D:5      | 4205 ||| READING 2 scrolls of identify.
  4205 | D:5      | 4205 ||| IDENTIFYING bubbling cyan potion
  4206 | D:5      | 4206 ||| DROPPING potion of berserk rage.
  4207 | D:5      | 4207 ||| DROPPING scroll of torment.
  4241 | D:6      | 4241 ||| PLANNING SEWER
  4259 | D:6      | Noticed Duvessa
  4260 | D:6      | Noticed Dowan
  4274 | D:6      | Killed Duvessa
  4275 | D:6      | Reached skill level 12 in Ranged Weapons
  4275 | D:6      | Reached XP level 8. HP: 44/44 MP: 10/10
  4278 | D:6      | Killed Dowan
  4328 | D:6      | Reached skill level 3 in Fighting
  4469 | D:6      | 4469 ||| Stepping ~*~*~tactically~*~*~ (cloud).
  4481 | D:6      | Reached skill level 13 in Ranged Weapons
  4519 | D:6      | Noticed Blork the orc
  4525 | D:6      | Killed Blork the orc
  4642 | D:6      | Found a glowing drain.
  4651 | Sewer    | Entered a sewer
  4716 | Sewer    | 4716 ||| UPGRADING to +0 pair of gloves.
  4721 | Sewer    | 4721 ||| DRINKING 2 inky potions.
  4730 | D:6      | 4730 ||| PLANNING D:1-11
  4836 | D:6      | Found a blossoming altar of Fedhas.
  4843 | D:6      | Reached skill level 14 in Ranged Weapons
  5346 | D:6      | Reached XP level 9. HP: 22/50 MP: 11/11
  5557 | D:6      | Noticed Sigmund
  5562 | D:6      | Killed Sigmund
  5754 | D:6      | 5754 ||| UPGRADING to +4 ring of protection.
  5839 | D:7      | Reached skill level 6 in Dodging
  6102 | D:7      | Found a glowing silver altar of Zin.
  6128 | D:7      | Found a hazy altar of Hepliaklqana.
  6441 | D:7      | Found a bloodstained altar of Trog.
  6581 | D:7      | 6581 ||| READING 2 scrolls labelled NISUNL UQETUCK.
  6582 | D:7      | 6582 ||| DRINKING 2 cyan potions.
  6583 | D:7      | 6583 ||| READING 2 scrolls of identify.
  6583 | D:7      | 6583 ||| IDENTIFYING dark potion
  6584 | D:7      | 6584 ||| DROPPING potion of degeneration.
  6585 | D:7      | 6585 ||| DROPPING scroll of poison.
  6893 | D:8      | HP: 13/53 [wight/+3 morningstar of freezing (2)]
  6894 | D:8      | 6894 ||| READING 3 scrolls of teleportation.
  6895 | D:8      | 6895 ||| DRINKING 2 potions of heal wounds.
  7000 | D:8      | Reached skill level 6 in Fighting
  7044 | D:8      | 7044 ||| FLEEEEING.
  7054 | D:8      | 7054 ||| STAIRDANCE
  7096 | D:7      | 7096 ||| DRINKING 2 fuming pink potions.
  7097 | D:7      | 7097 ||| DROPPING potion of attraction.
  7162 | D:8      | HP: 9/55 [orc warrior/+0 scimitar (8)]
  7163 | D:8      | 7163 ||| READING 2 scrolls of teleportation.
  7164 | D:8      | 7164 ||| DRINKING potion of heal wounds.
  7166 | D:8      | Reached skill level 3 in Armour
  7167 | D:8      | HP: 6/55 [centaur/arrow (8)]
  7171 | D:8      | 7171 ||| READING scroll of teleportation.
  7174 | D:8      | HP: 7/55 [orc wizard/puff of flame (1)]
  7181 | D:8      | Slain by a wight

Levels and vault maps discovered:
D:1:      lightli_arrival_isolated_outpost, layout_rooms
D:2:      layout_loops_ring, minmay_goblin_kobold_house, uniq_natasha,
          uniq_crazy_yiuf_cottage
D:3:      layout_loops_ring
D:4:      cheibrodos_quashed, layout_loops_ring, minmay_temple_entry_ruins,
          serial_bayou_lagoon_a, uniq_menkaure, uniq_eustachio
D:5:      layout_basic, minmay_misc_feat_columns, uniq_grinder
D:6:      layout_basic, fedhas_altar_fruit_tree, cheibrodos_sewer_entry_sluice,
          minmay_crystal_water, minivault_27, uniq_duvessa, uniq_sigmund,
          uniq_blork_the_orc
D:7:      layout_loops_cross, nicolae_overflow_crystal_walls, zin_academy,
          kennysheep_little_box, minmay_manual_mess
D:8:      minmay_polygon_palace, layout_basic, evilmike_ruin_ashenzari,
          serial_demonic, serial_demonic_b, serial_demonic_e, serial_demonic_c,
          serial_demonic_c, uniq_maggie
Temple:   nicolae_temple_superstar

Skill      XL: |  1  2  3  4  5  6  7  8  9 |
---------------+----------------------------+-----
Ranged Weapons | 6 7 8 9 10 12 14 | 14.0
Fighting       | 2 3 6 |  6.0
Dodging        | 3 5 8 |  8.0
Armour         | 1 3 |  3.0
Stealth        | |  1.2

Action                     |  1- 3 |  4- 6 |  7- 9 || total
---------------------------+-------+-------+-------++-------
   Fire: Shortbow          |    63 |       |       ||    63
         Sling             |    15 |   118 |   411 ||   544
    Use: Potion            |     1 |     2 |     6 ||     9
         Scroll            |       |     5 |     9 ||    14
 Armour: Leather armour    |     3 |     1 |       ||     4
         Ring mail         |       |     9 |    38 ||    47
  Dodge: Dodged            |     7 |    20 |    58 ||    85

Table legend:
 A = Non-vault XP
 B = Vault XP
 C = Vault XP percentage of total XP
 D = Non-vault monster count
 E = Vault monster count
 F = Vault count percentage of total count
                 A         B        C        D         E       F
            +---------+---------+-------+---------+---------+-------
      Total |    3170 |    2298 |  42.0 |     123 |      27 |  18.0
            +---------+---------+-------+---------+---------+-------
        D:1 |      27 |       0 |   0.0 |      15 |       0 |   0.0
        D:2 |     115 |      39 |  25.3 |      22 |       2 |   8.3
        D:3 |      38 |       0 |   0.0 |      13 |       0 |   0.0
        D:4 |     112 |     360 |  76.3 |      17 |       2 |  10.5
        D:5 |     375 |     277 |  42.5 |       8 |       1 |  11.1
        D:6 |    1013 |     565 |  35.8 |      19 |       7 |  26.9
        D:7 |     790 |     526 |  40.0 |      18 |       4 |  18.2
        D:8 |     700 |     369 |  34.5 |      11 |       7 |  38.9
      Sewer |       0 |     162 | 100.0 |       0 |       4 | 100.0
            +---------+---------+-------+---------+---------+-------
